 Dungeon Crawl Stone Soup version 0.28-a0-1339-ga5422284a4 (webtiles) character file.

Game seed: 1542561274159926229

1929 rocketpapaya the Cleaver (level 9, 0/51 HPs)
             Began as a Gargoyle Fighter on Dec 29, 2021.
             Slain by a gargoyle (8 damage)
             ... on level 7 of the Dungeon.
             The game lasted 00:10:46 (4521 turns).

rocketpapaya the Cleaver (Gargoyle Fighter)         Turns: 4521, Time: 00:10:47

Health: 0/51       AC: 18    Str: 28 (30) XL:     9   Next: 17%
Magic:  9/9        EV: 10    Int:  6 (9)  God:
Gold:   290        SH:  8    Dex:  7 (9)  Spells: 8/8 levels left

rFire   . . .      SeeInvis .   a - +0 war axe
rCold   + . .      Faith    .   c - +0 buckler
rNeg    + . .      Spirit   .   C - +1 scale mail {rC+}
rPois   ∞          Reflect  .   (helmet restricted)
rElec   +          Harm     .   u - +2 cloak {Stlth+}
rCorr   .          Rampage  .   (no gloves)
Will    +....                   j - +0 pair of boots
Stlth   +.........              (no amulet)
HPRegen 0.97/turn               w - ring of willpower
MPRegen 0.11/turn               s - +6 ring of strength

@: no status effects
A: sickness immunity, AC +6, negative energy resistance 1, electricity
resistance, torment resistance 1, petrification resistance, beak, large bone
plates 1, regeneration 1, screaming 1
a: no special abilities


You were on level 7 of the Dungeon.
You visited 1 branch of the dungeon, and saw 7 of its levels.

You collected 310 gold pieces.
You spent 20 gold pieces at shops.

Inventory:

Hand Weapons
 a - a +0 war axe (weapon)
 n - the +3 falchion of Arbitration {venom, Will+ Str+4 SInv}
   (You found it on level 2 of the Dungeon)

   It poisons the flesh of those it strikes.
   Str:       It affects your strength (+4).
   SInv:      It lets you see invisible.
   Will:      It increases your willpower.
Armour
 c - a +0 buckler (worn)
 j - a +0 pair of boots (worn)
 u - a +2 cloak of stealth (worn)
 C - a +1 scale mail of cold resistance (worn)
Jewellery
 g - a ring of resist corrosion
 s - a +6 ring of strength (right hand)
 w - a ring of willpower (left hand)
Wands
 y - a wand of iceblast (5)
Scrolls
 e - 5 scrolls of identify
 f - 2 scrolls of fog {unknown}
 i - a scroll of enchant weapon {unknown}
 k - a scroll of vulnerability {unknown}
 l - 2 scrolls of fear {unknown}
 o - 3 scrolls of noise {unknown}
 r - 2 scrolls of teleportation {unknown}
 t - 3 scrolls of magic mapping {unknown}
 B - a scroll of blinking {unknown}
Potions
 p - a potion of curing
 q - a potion of attraction
 v - a potion of flight


   Skills:
 - Level 3.2 Fighting
 + Level 10.8 Axes
 - Level 3.2 Armour
 - Level 3.2 Shields


You had 8 spell levels left.
You didn't know any spells.
Your spell library contained the following spells:

 Spells                   Type           Power      Damage    Failure   Level
 Animate Skeleton         Necr           0%         N/A       75%         1
 Apportation              Tloc           0%         N/A       75%         1
 Shock                    Conj/Air       0%         1d3       75%         1
 Summon Small Mammal      Summ           0%         N/A       75%         1
 Gell's Gravitas          Tloc           0%         N/A       98%         3
 Lesser Beckoning         Tloc           0%         N/A       98%         3
 Stone Arrow              Conj/Erth      0%         3d7       98%         3
 Swiftness                Air            0%         N/A       98%         3
 Teleport Other           Tloc           0%         N/A       98%         3
 Airstrike                Air            0%         N/A       100%        4
 Animate Armour           Summ/Erth      0%         N/A       100%        4
 Passage of Golubria      Tloc           0%         N/A       100%        4
 Silence                  Hex/Air        0%         N/A       100%        5
 Summon Forest            Summ/Tloc      0%         N/A       100%        5
 Summon Mana Viper        Hex/Summ       0%         N/A       100%        5
 Summon Cactus Giant      Summ           0%         N/A       100%        6
 Lehudib's Crystal Spear  Conj/Erth      0%         10d2      100%        8


Dungeon Overview and Level Annotations

Branches:
Dungeon (7/15)
 Temple: D:4-7

Altars:

Shops:
D:2 *?

Annotations:
D:6 Maggie


Innate Abilities, Weirdness & Mutations

You are immune to sickness and miasma.
Your stone body is resilient. (AC +6)
You are immune to poison.
You resist negative energy. (rN+)
You are resistant to electric shocks. (rElec)
You are resistant to unholy torment.
You are immune to petrification.
You have a beak for a mouth.
You are partially covered in large bone plates. (SH +4)
Your natural rate of healing is unusually fast.
You occasionally shout uncontrollably at your foes.


Message History

The gargoyle hits you but does no damage.
It was a potion of heal wounds.
You feel much better.
The gargoyle hits you with a +0 morningstar!
You hit the gargoyle.
The gargoyle is heavily damaged.
The gargoyle hurls a stone arrow at you.
You block the stone arrow.
You hit the gargoyle.
The gargoyle is severely damaged.
The gargoyle hurls a stone arrow at you.
The stone arrow hits you!
* * * LOW HITPOINT WARNING * * *
You completely miss the gargoyle.
The gargoyle is severely damaged.
The gargoyle hits you with a +0 morningstar!
* * * LOW HITPOINT WARNING * * *
You feel better.
The gargoyle hits you with a +0 morningstar!
* * * LOW HITPOINT WARNING * * *
You feel better.
The gargoyle hits you with a +0 morningstar!
* * * LOW HITPOINT WARNING * * *
You feel better.
The gargoyle hits you with a +0 morningstar.
* * * LOW HITPOINT WARNING * * *
It was a potion of cancellation.
Your magical effects are unravelling.
You feel magically purged.
You feel less wooden.
Your +2 cloak of stealth unmelds from your body.
Your +0 pair of boots unmelds from your body.
Your +1 scale mail of cold resistance unmelds from your body.
You feel stealthy.
You feel resistant to cold.
You flicker back into view.
The gargoyle misses you.
You feel less attractive to monsters.
It was a potion of degeneration.
There was something very wrong with that liquid.
You feel weakened.
You feel dopey.
You feel clumsy.
The gargoyle hits you with a +0 morningstar!
You die...

#.# #.# #.#
#.# #.# #.#
#.# #####.#
#...)@#
#.###)9......
.........
###.###.## ..
# ... ...
>..#


You could see a gargoyle.

Vanquished Creatures
  Eustachio (D:4)
  A steam dragon (D:7)
  Edmund (D:5)
  A water moccasin (D:5)
  A centaur (D:6)
  An ogre (D:4)
  2 necrophages
  A bullfrog (D:5)
  3 scorpions
  2 centaur zombies (D:5)
  2 bullfrog zombies
  5 hounds
  An orc priest (D:7)
  A bullfrog skeleton (D:5)
  Crazy Yiuf (D:3)
  3 centaur skeletons
  2 iguanas
  4 orc wizards
  Natasha (thrice) (D:2)
  A hound skeleton (D:5)
  Robin (D:2)
  A howler monkey skeleton (D:7)
  5 adders
  An adder skeleton (D:5)
  2 worms
  3 dart slugs
  7 orcs
  5 ball pythons
  5 endoplasms
  13 giant cockroaches
  15 goblins
  13 hobgoblins
  4 jackals
  6 quokkas
  8 bats
  2 frilled lizards
  8 kobolds
  4 rats
140 creatures vanquished.

Notes
Turn   | Place    | Note
-------+----------+-------------------------------------------
     0 | D:1      | rocketpapaya the Gargoyle Fighter began the quest for the
                  | Orb.
     0 | D:1      | Reached XP level 1. HP: 14/14 MP: 1/1
    60 | D:1      | Reached skill level 2 in Axes
   227 | D:1      | Reached XP level 2. HP: 19/19 MP: 2/2
   560 | D:1      | Reached skill level 3 in Axes
   576 | D:1      | Reached XP level 3. HP: 22/23 MP: 3/3
   806 | D:2      | Found Byen's Assorted Antiques.
   829 | D:2      | Noticed Robin
   864 | D:2      | Killed Robin
   865 | D:2      | Reached XP level 4. HP: 21/28 MP: 4/4
  1026 | D:2      | Identified the +3 falchion of Arbitration {venom, Will+
                  | Str+4 SInv}
  1036 | D:2      | Noticed Natasha
  1053 | D:2      | Gained mutation: You have a beak for a mouth. [potion of
                  | mutation]
  1053 | D:2      | Gained mutation: Your natural rate of healing is unusually
                  | fast. [potion of mutation]
  1053 | D:2      | Gained mutation: You occasionally shout uncontrollably at
                  | your foes. [potion of mutation]
  1053 | D:2      | Gained mutation: You are partially covered in large bone
                  | plates. (SH +4) [potion of mutation]
  1054 | D:2      | Killed Natasha
  1055 | D:2      | Reached skill level 4 in Axes
  1107 | D:2      | Found Gilienel's Magic Scroll Boutique.
  1113 | D:2      | Bought a scroll of identify for 20 gold pieces
  1208 | D:2      | Noticed Natasha
  1213 | D:2      | Killed Natasha
  1214 | D:2      | Reached XP level 5. HP: 32/32 MP: 5/5
  1322 | D:2      | Noticed Natasha
  1333 | D:2      | Killed Natasha
  1334 | D:2      | Reached skill level 5 in Axes
  1817 | D:3      | Reached XP level 6. HP: 37/37 MP: 6/6
  2014 | D:3      | Found a runed translucent door.
  2015 | D:3      | Noticed Crazy Yiuf
  2029 | D:3      | Killed Crazy Yiuf
  2270 | D:3      | Found a faded altar of an unknown god.
  2630 | D:4      | Reached skill level 6 in Axes
  2649 | D:4      | Noticed Eustachio
  2678 | D:4      | Killed Eustachio
  2679 | D:4      | Reached skill level 7 in Axes
  2679 | D:4      | Reached XP level 7. HP: 41/41 MP: 7/7
  3237 | D:5      | Entered Level 5 of the Dungeon
  3255 | D:5      | Reached skill level 8 in Axes
  3354 | D:5      | Reached XP level 8. HP: 46/46 MP: 8/8
  3681 | D:5      | Reached skill level 9 in Axes
  3725 | D:5      | Noticed Edmund
  3733 | D:5      | Killed Edmund
  4172 | D:6      | Reached skill level 10 in Axes
  4317 | D:6      | Reached XP level 9. HP: 49/51 MP: 9/9
  4328 | D:6      | Noticed Maggie
  4485 | D:7      | Noticed a gargoyle
  4517 | D:7      | HP: 3/76 [gargoyle (13)]
  4521 | D:7      | Slain by a gargoyle

Illustrated notes

Levels and vault maps discovered:
D:1:      dpeg_arrival_rooms_a, layout_rooms
D:2:      minmay_roachtagon, layout_basic, serial_shops, shop_scrolls,
          shop_statue, uniq_natasha, uniq_robin
D:3:      layout_loops_corners, shapermc_ecumenical_altar_mp_ritualfount,
          uniq_crazy_yiuf_cottage
D:4:      minmay_wonky_spiral, layout_basic, corexii_leaking_fountain,
          minmay_a_box_with_orc_wizards_in_it, uniq_eustachio
D:5:      layout_loops_corners, uniq_edmund
D:6:      layout_basic, biasface_ghost_orc_armoury, serial_bayou_pond_a,
          pf_guarded_unrand_woodcutter, uniq_sigmund, uniq_maggie
D:7:      layout_basic, minmay_temple_entry_hall, nrook_loot_triangle,
          minivault_23, st_stairs_3, uniq_harold

Skill      XL: |  1  2  3  4  5  6  7  8 |
---------------+-------------------------+-----
Axes           | 2 3 4 5 7 8 10 | 10.8
Fighting       | |  3.2
Armour         | |  3.2
Shields        | |  3.2

Action                   |  1- 3 |  4- 6 |  7- 9 || total
-------------------------+-------+-------+-------++-------
Melee: War axe           |   114 |   185 |   187 ||   486
       Peck              |       |    29 |    31 ||    60
  Use: Potion            |     1 |     2 |    12 ||    15
 Stab: Invisible         |       |     2 |     1 ||     3
Armor: Scale mail        |    56 |    88 |   105 ||   249
       Skin              |       |       |     2 ||     2
Dodge: Dodged            |    64 |   100 |    63 ||   227
Block: Buckler           |    25 |    73 |    65 ||   163

Table legend: (Time is in decaauts)
 A = Elapsed time spent in this place.
 B = Non-inter-level travel time spent in this place.
 C = Inter-level travel time spent in this place.
 D = Time resting spent in this place.
 E = Time spent auto-exploring this place.
 F = Levels seen in this place.
 G = Mean time per level.
                   A        B        C        D        E       F      G
               +--------+--------+--------+--------+--------+-----+--------+
         Total |   4645 |   4548 |     97 |     80 |   3377 |   7 |  663.6 |
       Dungeon |   4645 |   4548 |     97 |     80 |   3377 |   7 |  663.6 |
               +--------+--------+--------+--------+--------+-----+--------+

Top non-repeatable levels by time:
     D:2: 945 daAuts
     D:4: 913 daAuts
     D:5: 882 daAuts
     D:3: 771 daAuts
     D:1: 726 daAuts
     D:6: 222 daAuts
     D:7: 184 daAuts
